AoeStats
← Antinomy

Black Forest

508826521Analyzed
4v4 RM · 7d ago on Sep 24, 2026· 36m 22s· 8 players
Game mode
Random Map
Map size
Large (8 player)
Population
200
Speed
Normal
Resources
Standard
Victory
Conquest
Starting age
Dark Age
Ending age
Imperial Age
RankedLock teamsTeams togetherTeam positionsShared explorationLock speedFull tech treeHidden civsTurbo modeCheats
Victory
Defeat
🇨🇳 Mongols · China
1230
+15
🇨🇳 Varangians · China
1214
+16
🇨🇳 Italians · China
1205
+16
🇦🇺 Hindustanis · Australia
1180
+17
🇩🇪 Poles · Germany
1244
-17
🇺🇸 Cumans · United States
1232
-17
🇲🇽 Magyars · Mexico
1192
-15
🇦🇺 Chinese · Australia
1186
-15
285066173
2:13 Loom
13:16 Feudal Age
17:41 Castle Age
15:58 Double-Bit Axe
16:20 Stone Mining
26:44 Fletching
26:54 Padded Archer Armor
28:29 Ballistics
28:25 Gold Mining
28:49 Bow Saw
34:53 Imperial Age
33:41 Wheelbarrow
32:56 Horse Collar
37:19 Chemistry
altrnate15
5:49 Loom
8:57 Feudal Age
9:28 Double-Bit Axe
11:08 Horse Collar
18:07 Gold Mining
21:56 Castle Age
21:32 Stone Mining
22:54 Heavy Plow
23:05 Bow Saw
25:14 Town Watch
26:14 Fervor
28:04 Fortified Wall
28:45 Wheelbarrow
29:03 Stone Shaft Mining
33:30 Imperial Age
32:15 Gold Shaft Mining
32:01 Scale Barding Armor
32:07 Forging
33:07 Chain Barding Armor
33:36 Bloodlines
34:09 Iron Casting
33:25 Fletching
34:05 Ballistics
33:56 Masonry
34:09 Heavy Camel Rider
35:34 Plate Barding Armor
36:17 Two-Man Saw
35:40 Conscription
白桃桃
10:57 Feudal Age
11:32 Double-Bit Axe
15:07 Castle Age
12:51 Horse Collar
18:16 Bow Saw
21:40 Gold Mining
24:20 Wheelbarrow
24:25 Gold Shaft Mining
25:40 Hand Cart
25:46 Town Watch
25:52 Fletching
25:56 Stone Mining
26:48 Loom
27:05 Bodkin Arrow
27:10 Padded Archer Armor
30:26 Imperial Age
28:40 Stone Shaft Mining
28:52 Ballistics
29:45 Husbandry
29:56 Bloodlines
30:36 Leather Archer Armor
30:44 Thumb Ring
31:44 Bracer
31:55 Forging
32:14 Parthian Tactics
32:24 Conscription
31:30 Light Cavalry
31:41 Elite Steppe Lancer
32:36 Siege Engineers
32:13 Elite Mangudai
34:54 Iron Casting
34:25 Scale Barding Armor
37:29 Blast Furnace
36:50 Chain Barding Armor
Antinomy
3:21 Loom
11:43 Feudal Age
13:51 Double-Bit Axe
14:18 Scale Barding Armor
14:24 Forging
16:01 Bloodlines
23:10 Gold Mining
24:01 Wheelbarrow
26:37 Castle Age
24:45 Stone Mining
24:57 Horse Collar
28:25 Iron Casting
28:10 Chain Barding Armor
28:14 Heavy Plow
29:18 Bow Saw
31:57 Stone Shaft Mining
35:51 Hand Cart
BeetleScarab289
9:38 Feudal Age
10:15 Double-Bit Axe
10:34 Horse Collar
14:24 Loom
15:15 Wheelbarrow
24:13 Town Watch
27:39 Castle Age
26:30 Forging
26:26 Scale Barding Armor
28:51 Chain Barding Armor
29:07 Iron Casting
28:49 Bloodlines
29:16 Town Patrol
29:34 Hand Cart
28:58 Capped Ram
29:36 Gold Mining
31:39 Town Patrol
32:33 Gold Shaft Mining
33:45 Bow Saw
35:50 Pikeman
36:31 Squires
Jesusssx
0:32 Loom
14:07 Feudal Age
SPROP
3:51 Loom
7:22 Loom
11:52 Feudal Age
16:51 Castle Age
15:15 Double-Bit Axe
15:16 Horse Collar
16:15 Gold Mining
16:49 Fletching
17:00 Padded Archer Armor
20:38 Scale Barding Armor
24:52 Bloodlines
24:42 Husbandry
26:38 Wheelbarrow
25:33 Elite Skirmisher
26:39 Stone Mining
28:44 Hand Cart
28:55 Heavy Plow
29:08 Bow Saw
30:45 Town Watch
32:19 Stone Shaft Mining
31:57 Bodkin Arrow
32:18 Leather Archer Armor
32:23 Chain Barding Armor
32:14 Forging
32:22 Caravan
35:59 Imperial Age
34:09 Town Patrol
33:48 Light Cavalry
drain man
1:28 Loom
15:30 Feudal Age
21:30 Castle Age
19:23 Double-Bit Axe
22:40 Bow Saw
22:14 Horse Collar
24:53 Stone Mining
26:27 Fletching
27:16 Wheelbarrow
28:18 Bodkin Arrow
30:15 Gold Mining
32:08 Gold Shaft Mining
31:44 Great Wall
32:07 Heavy Plow
33:51 Padded Archer Armor
34:37 Stone Shaft Mining
34:27 Scale Barding Armor
34:36 Town Watch
35:33 Forging
35:43 Chain Barding Armor
35:25 Light Cavalry
36:16 Bloodlines
36:49 Iron Casting
Connection lost

Rejoining the realm…

Still unreachable

The connection could not be restored.

Session expired

The server has moved on; the page needs a fresh start.